 Dungeon Crawl Stone Soup version 0.28-a0-1227-ga9037bb4c8 (webtiles) character file.

Game seed: 2839309758858446896

68 Fortus the Sneak (level 4, 0/22 HPs)
             Began as a Spriggan Brigand on Dec 22, 2021.
             Slain by an orc (2 damage)
             ... on level 4 of the Dungeon.
             The game lasted 00:04:53 (2134 turns).

Fortus the Sneak (Spriggan Brigand)                 Turns: 2134, Time: 00:04:54

Health: 0/22       AC:  3    Str:  7    XL:     4   Next: 1%
Magic:  5/5        EV: 16    Int: 12    God:
Gold:   100        SH:  0    Dex: 18    Spells: 3/3 levels left

rFire   . . .      SeeInvis +   a - +2 dagger
rCold   . . .      Faith    .   (shield restricted)
rNeg    . . .      Spirit   .   b - +0 robe
rPois   .          Reflect  .   (helmet restricted)
rElec   .          Harm     .   c - +0 cloak
rCorr   +          Rampage  .   (gloves unavailable)
Will    .....                   (boots unavailable)
Stlth   ++++......              (no amulet)
HPRegen 0.07/turn               m - ring of resist corrosion
MPRegen 0.09/turn               (no ring)

@: very quick
A: very small, no large weapons, unfitting armour, see invisible, speed 3
a: no special abilities


You were on level 4 of the Dungeon.
You visited 1 branch of the dungeon, and saw 5 of its levels.

You collected 100 gold pieces.

Inventory:

Hand Weapons
 a - a +2 dagger (weapon)
 f - a +1 short sword of draining
Missiles
 d - 8 poisoned darts (quivered)
 e - 2 curare-tipped darts
Armour
 b - a +0 robe (worn)
 c - a +0 cloak (worn)
Jewellery
 m - a ring of resist corrosion (left hand)
Scrolls
 g - 3 scrolls of identify {unknown}
 h - a scroll of noise {unknown}
 n - a scroll of blinking {unknown}
Potions
 i - a potion of haste {unknown}
 j - 2 potions of attraction {unknown}
 k - a potion of lignification {unknown}
 l - a potion of curing {unknown}


   Skills:
 - Level 1.5 Fighting
 + Level 3.8 Short Blades
 - Level 2.0 Throwing
 - Level 1.3 Dodging
 * Level 7.1 Stealth


You had 3 spell levels left.
You didn't know any spells.
Your spell library contained the following spells:

 Spells                   Type           Power      Damage    Failure   Level
 Beastly Appendage        Tmut           0%         N/A       32%         1
 Wereblood                Tmut           0%         N/A       45%         2
 Portal Projectile        Hex/Tloc       0%         N/A       69%         3
 Spider Form              Tmut/Pois      0%         N/A       69%         3
 Stone Arrow              Conj/Erth      0%         3d7       69%         3
 Animate Armour           Summ/Erth      0%         N/A       97%         4
 Blade Hands              Tmut           0%         N/A       100%        5
 Excruciating Wounds      Necr           0%         N/A       100%        5
 Summon Forest            Summ/Tloc      0%         N/A       100%        5
 Eringya's Noxious Bog    Tmut/Pois      0%         N/A       100%        6
 Summon Hydra             Summ           0%         N/A       100%        7
 Lehudib's Crystal Spear  Conj/Erth      0%         10d2      100%        8


Dungeon Overview and Level Annotations

Branches:
Dungeon (5/15)
 Temple: D:4-7

Altars:


Innate Abilities, Weirdness & Mutations

You are very small and have problems with some larger weapons.
You are too small for most types of armour.
You have supernaturally acute eyesight. (SInv)
You cover ground extremely quickly. (Speed+++)


Message History

The orc shouts!
You closely miss the orc. The orc barely misses you.
You barely miss the orc. You hit the orc but do no damage.
The orc hits you but does no damage.
You hit the orc but do no damage. The orc hits you with a +0 flail.
The orc hits you with a +2 vorpal mace.
You hit the orc but do no damage. The orc misses you.
You hit the orc but do no damage. The orc closely misses you.
You hit the orc.
The orc is severely wounded.
The orc barely misses you. x2
You hit the orc but do no damage.
The orc is severely wounded.
The orc completely misses you.
You closely miss the orc.
The orc is severely wounded.
You hit the orc but do no damage.
The orc is severely wounded.
The orc closely misses you.
You hit the orc but do no damage.
The orc is severely wounded.
You hear the slow hiss of a very distant avalanche of sand.
The orc barely misses you. The orc hits you with a +0 flail.
You hit the orc.
The orc is heavily wounded.
You hit the orc.
The orc is almost dead.
The orc closely misses you. The orc hits you with a +0 flail.
* * * LOW HITPOINT WARNING * * *
You hit the orc.
You kill the orc!
The orc barely misses you.
You have reached level 4!
Items here: )) [ †.
You open the door.
There is an open door here.
You see here a murky cyan potion.
You open the door. The orc hits you with a +2 vorpal mace.
* * * LOW HITPOINT WARNING * * *
You die...

## .. .#
##### ..
#)..# ##.
#.#)# #..
#.#.#
###'##+#.###
#...@o.....#
#....>..##.#
#.......'..#
#......!####
#.......#
#.......#
#########


You could see an orc.

Vanquished Creatures
  2 adders (D:2)
  3 dart slugs
  3 orcs (D:4)
  5 endoplasms
  5 goblins
  5 hobgoblins
  5 kobolds
  A quokka (D:1)
  5 bats
  A frilled lizard (D:2)
  4 rats
39 creatures vanquished.

Notes
Turn   | Place    | Note
-------+----------+-------------------------------------------
     0 | D:1      | Fortus the Spriggan Brigand began the quest for the Orb.
     0 | D:1      | Reached XP level 1. HP: 10/10 MP: 2/2
    78 | D:1      | Reached skill level 6 in Stealth
   321 | D:1      | Reached XP level 2. HP: 13/14 MP: 3/3
  1220 | D:2      | Reached XP level 3. HP: 18/18 MP: 4/4
  1645 | D:2      | Reached skill level 7 in Stealth
  2021 | D:3      | You fall into a shaft and drop 2 floors!
  2021 | D:5      | Entered Level 5 of the Dungeon
  2038 | D:5      | Identified the +2 ring mail of Responsibility {Contam +Inv
                  | rC+++ Int-2}
  2107 | D:4      | Reached XP level 4. HP: 6/22 MP: 5/5
  2134 | D:4      | Slain by an orc

Illustrated notes

Levels and vault maps discovered:
D:1:      ncdulo_wetmaze, layout_rooms, corexii_corridor_pit,
          minmay_misc_feat_more_columns, minmay_hexomino_u4
D:2:      layout_basic, interstate_on_off
D:3:      layout_basic, gammafunk_temple_overflow_pools,
          hellmonk_ecumenical_altar_arch_garden, minmay_goblin_outpost,
          uniq_terence, uniq_ijyb, uniq_grinder
D:4:      layout_basic, enter_ossuary_3, uniq_pikel
D:5:      layout_gridville, lemuel_crystal_altar,
          minmay_temple_entry_large_hall, minmay_manual_mandibuliform,
          uniq_menkaure

Skill      XL: |  1  2  3 |
---------------+----------+-----
Stealth        | 6 7 |  7.1
Short Blades   | 3 |  3.8
Fighting       | |  1.5
Throwing       | |  2.0
Dodging        | |  1.3

Action                   |  1- 3 |  4- 6 || total
-------------------------+-------+-------++-------
Melee: Dagger            |   162 |       ||   162
Throw: Dart              |     1 |       ||     1
 Stab: Sleeping          |    10 |       ||    10
Armor: Robe              |    19 |       ||    19
Dodge: Dodged            |   108 |       ||   108

Table legend: (Time is in decaauts)
 A = Elapsed time spent in this place.
 B = Non-inter-level travel time spent in this place.
 C = Inter-level travel time spent in this place.
 D = Time resting spent in this place.
 E = Time spent auto-exploring this place.
 F = Levels seen in this place.
 G = Mean time per level.
                   A        B        C        D        E       F      G
               +--------+--------+--------+--------+--------+-----+--------+
         Total |   1655 |   1623 |     32 |    637 |    649 |   5 |  331.0 |
       Dungeon |   1655 |   1623 |     32 |    637 |    649 |   5 |  331.0 |
               +--------+--------+--------+--------+--------+-----+--------+

Top non-repeatable levels by time:
     D:1: 998 daAuts
     D:2: 570 daAuts
     D:4: 69 daAuts
     D:5: 15 daAuts
